 Dungeon Crawl Stone Soup version 0.20.1-1-g8b1a95d (webtiles) character file.

205 Mesmaeker13 the Skirmisher (level 5, 0/47 HPs)
             Began as a Draconian Monk on Aug 5, 2017.
             Slain by an orc wizard
             ... wielding a +4 dagger of venom
              (1 damage)
             ... on level 4 of the Dungeon on Aug 6, 2017.
             The game lasted 00:06:59 (3502 turns).

Mesmaeker13 the Skirmisher (Draconian Monk)         Turns: 3502, Time: 00:06:59

Health: 0/47       AC:  5    Str: 13    XL:     5   Next: 53%
Magic:  5/5        EV: 14    Int: 15    God:
Gold:   174        SH:  0    Dex: 14    Spells: 4/4 levels left

rFire    . . .     SeeInvis .     - Unarmed
rCold    . . .     Gourm    .   (no shield)
rNeg     . . .     Faith    .   (armour unavailable)
rPois    .         Spirit   .   (helmet restricted)
rElec    .         Reflect  .   (no cloak)
rCorr    .         Harm     .   (no gloves)
MR       .....                  (no boots)
Stlth    ++........             l - amulet of regeneration
Regen    0.6/turn               n - +4 ring of intelligence
MPRegen  0.1/turn               (no ring)

@: lethally poisoned (0 -> -1)
A: unfitting armour, cold-blooded, AC +5
a: no special abilities


You were on level 4 of the Dungeon.
You were hungry.

You visited 1 branch of the dungeon, and saw 4 of its levels.

You collected 174 gold pieces.

Inventory:

Hand Weapons
 e - a +1 dagger of holy wrath
Jewellery
 l - an amulet of regeneration (around neck)
 n - a +4 ring of intelligence (left hand)
Wands
 w - a wand of random effects (25/48)
Scrolls
 b - a scroll of remove curse
 c - 3 scrolls of fear {unknown}
 f - a scroll of teleportation
 g - a scroll of recharging {unknown}
 m - a scroll of immolation {unknown}
 o - a scroll of enchant weapon {unknown}
 p - 3 scrolls of fog
 r - 4 scrolls of blinking
 t - a scroll of random uselessness {unknown}
Potions
 d - a potion of brilliance {unknown}
 i - 2 potions of curing
 k - a potion of degeneration {unknown}
 s - a potion of mutation {unknown}
 u - a potion of haste {unknown}
Comestibles
 a - 2 bread rations
 h - 6 meat rations
 j - 3 fruits
 q - 2 chunks of flesh


   Skills:
 + Level 4.6 Fighting
 + Level 3.9 Dodging
 - Level 1.7 Stealth
 + Level 4.5 Unarmed Combat


You had 4 spell levels left.
You didn't know any spells.

Dungeon Overview and Level Annotations

Branches:
Dungeon (4/15)
 Temple: D:4-7

Altars:
Fedhas
Makhleb


Innate Abilities, Weirdness & Mutations

Your plain brown scales are hard. (AC +5)
You cannot fit into any form of body armour.
You are cold-blooded and may be slowed by cold attacks.


Message History

The orc wizard points at you and mumbles some strange words.
The magic dart hits you!
You feel sick.
You feel sick.
You feel sick.
The orc wizard hits you but does no damage.
You feel sick.
You feel sick. The orc wizard casts a spell at you. The puff of flame hits you!
* * * LOW HITPOINT WARNING * * *
The orc wizard casts a spell at you. The magic dart hits you!
* * * LOW HITPOINT WARNING * * *
There is a stone staircase leading up, spattered with blood here.
You are feeling hungry.
* * * LOW HITPOINT WARNING * * *
You feel sick.
The orc wizard hits you with a dagger of venom.
You die...

#............#.###.......(..##
##..o..o...#).#.# #...........##
....#.....##)##.# #............#
##....#####).##.# #............#
....### ##.###.# ###.......>..#
.[# ####o.###.# #..........# .
###...o###..#####..........#
.####...######.###............##
.............ooo@..###........##
####.#########.######..........#
#.# #.# #...........# ##.# ###
#.# #...........# ###..####..#
#.#####...........#
#.........####.................#
.....#..........#...##........##
.#####.#######.##.#####......##
.......### ##.#..# ########


You could see an orc wizard and 2 orcs.

Vanquished Creatures
  An orc wizard (D:4)
  An iguana (D:4)
  A worker ant (D:4)
  Robin (D:3)
  A howler monkey skeleton (D:4)
  3 adders
  A dart slug (D:3)
  2 leopard geckos
  7 orcs
  6 bats
  2 giant cockroaches
  11 goblins
  12 hobgoblins
  A quokka (D:3)
  3 ball pythons
  7 frilled lizards
  6 kobolds
  A quokka skeleton (D:4)
  5 rats
72 creatures vanquished.

Notes
Turn   | Place    | Note
-------+----------+-------------------------------------------
     0 | D:1      | Mesmaeker13 the Draconian Monk began the quest for the Orb.
     0 | D:1      | Reached XP level 1. HP: 19/19 MP: 1/1
   101 | D:1      | Reached XP level 2. HP: 13/26 MP: 2/2
   791 | D:2      | Reached XP level 3. HP: 33/33 MP: 3/3
  1151 | D:2      | Found a blossoming altar of Fedhas.
  1441 | D:3      | Found a burning altar of Makhleb.
  1549 | D:3      | Noticed Robin
  1589 | D:3      | Killed Robin
  1617 | D:3      | Reached XP level 4. HP: 17/40 MP: 4/4
  2735 | D:4      | Reached XP level 5. HP: 42/47 MP: 5/5
  3501 | D:4      | HP: 1/47 [orc wizard/magic dart (8)]
  3502 | D:4      | Slain by an orc wizard

Skill      XL: |  1  2  3  4 |
---------------+-------------+-----
Dodging        | 3 |  3.9
Fighting       | 4 |  4.6
Unarmed Combat | 4 |  4.5
Stealth        | |  1.7

Action                   |  1- 3 |  4- 6 || total
-------------------------+-------+-------++-------
Melee: Unarmed           |   169 |   139 ||   308
       Tailslap          |    13 |    16 ||    29
       Punch             |     1 |     3 ||     4
  Use: Scroll            |     3 |     4 ||     7
 Stab: Sleeping          |     7 |     1 ||     8
  Eat: Chunk             |     2 |     6 ||     8
Armor: Skin              |    37 |    27 ||    64
Dodge: Dodged            |   109 |    76 ||   185
